 Dungeon Crawl Stone Soup version bcrawl-1.27.6 (webtiles) character file.

Game seed: 4303898650447584185

122090 DogServant the Grave Robber (level 3, -4/19 HPs)
             Began as a Skeleton Necromancer on Oct 13, 2020.
             Slain by a goblin (6 damage)
             ... led by Robin
             ... on level 2 of the Dungeon.
             The game lasted 00:03:53 (1636 turns).

DogServant the Grave Robber (Skeleton Necromancer)  Turns: 1636, Time: 00:03:53

Health: -4/19      AC:  2    Str: 14      XL:     3   Next: 91%
Magic:  0/7        EV: 12    Int: 14      God:
Gold:   86         SH:  0    Dex:  8 (9)  Spells: 6/8 levels left

rFire    . . .     SeeInvis .   i - +1 long sword (slice)
rCold    + . .     Gourm    .   (no shield)
rNeg     + + +     Faith    .   b - +0 robe
rPois    ∞         Spirit   +   (no helmet)
rElec    .         Reflect  .   (no cloak)
rCorr    .         Harm     .   (no gloves)
MR       .....                  (no boots)
Stlth    ++........             (no amulet)
HPRegen  0.06/turn              (no ring)
MPRegen  0.10/turn              (no ring)

@: no status effects
A: no food or potions, cold resistance 1, deterioration 1, negative energy
resistance 3, torment resistance, unbreathing, magic shield, sturdy frame 1,
spell healing
a: no special abilities


You were on level 2 of the Dungeon.
You were not hungry.

You visited 1 branch of the dungeon, and saw 2 of its levels.

You collected 86 gold pieces.

Inventory:

Hand Weapons
 d - a +2 dagger of speed
 i - a +1 long sword of slicing (weapon)
Armour
 b - a +0 robe (worn)
 j - a +0 buckler
Scrolls
 a - a scroll of fear {unknown}
 c - 5 scrolls of remove curse {unknown}
 e - a scroll of amnesia {unknown}
 f - a scroll of enchant weapon {unknown}
 g - a scroll of identify
 h - a scroll of blinking {unknown}


   Skills:
 + Level 2.9 Short Blades
 - Level 2.0 Dodging
 - Level 2.4 Stealth
 - Level 3.0 Spellcasting
 + Level 5.3 Necromancy


You had 6 spell levels left.
You knew the following spells:

 Your Spells              Type           Power        Failure   Level  Hunger
a - Animate Skeleton      Necr           N/A          2%          1    N/A
b - Pain                  Necr           ###...       2%          1    N/A

Your spell library contained the following spells:

 Spells                   Type           Power        Failure   Level  Hunger
 Vampiric Draining        Necr           ###.......   7%          3    N/A
 Animate Dead             Necr           N/A          24%         4    N/A
 Bolt of Draining         Conj/Necr      #.........   89%         5    N/A
 Regeneration             Chrm/Necr      Unusable     N/A         3    N/A

Dungeon Overview and Level Annotations

Branches:
Dungeon (2/12)

Altars:

Annotations:
D:2 Robin


Innate Abilities, Weirdness & Mutations

You do not eat or drink.
You are immune to poison.
Your flesh is cold resistant. (rC+)
Your body sometimes deteriorates upon taking damage.
You are immune to negative energy. (rN+++)
You are immune to unholy pain and torment.
You can survive without breathing.
When hurt, damage is shared between your health and your magic reserves.
Your movements are slightly less encumbered by armour. (ER -2)
Casting spells heals you.


Message History

Casting: Animate Skeleton (safe; 2% risk of failure)
Confirm with . or Enter, or press ? or * to list all spells.
You attempt to give life to the dead...
Before your eyes, flesh is ripped from the corpse!
The dead are walking!
The goblin hits you.
* * * LOW HITPOINT WARNING * * *
Robin barely misses you.
Things that are here:
a +0 dagger x2; a chunk of flesh
Casting: Animate Skeleton (safe; 2% risk of failure)
Confirm with . or Enter, or press ? or * to list all spells.
You don't have enough magic to cast that spell.
Okay, then.
You closely miss the goblin. The goblin closely misses you.
Robin hits you with a +0 falchion.
* * * LOW HITPOINT WARNING * * *
You hit the goblin but do no damage.
Ssssck.
The goblin is moderately wounded.
The goblin hits you.
You die...

.............+......##..
.............###....##..
.............'......''..
.............####...##..
............# ###.##..
#.........# #.##..
#..Z......# #.##..
####g###'## #.####
######@# #.# #.#
#....g.# #.#######.#
#.###### #.........# #.#
########### #g# #g#
#g..gg# #####g#


You could see Robin, a goblin and a friendly hobgoblin skeleton.

Vanquished Creatures
  A worker ant (D:2)
  A leopard gecko (D:1)
  3 bats
  A giant cockroach (D:2)
  5 goblins
  10 hobgoblins
  2 jackals (D:2)
  2 quokkas (D:2)
  2 frilled lizards (D:1)
  4 kobolds (D:2)
  5 rats
36 creatures vanquished.

Vanquished Creatures (collateral kills)
  A goblin (D:2)
1 creature vanquished.

Grand Total: 37 creatures vanquished

Notes
Turn   | Place    | Note
-------+----------+-------------------------------------------
     0 | D:1      | DogServant the Skeleton Necromancer began the quest for the
                  | Orb.
     0 | D:1      | Reached XP level 1. HP: 10/10 MP: 4/4
   204 | D:1      | Reached skill level 1 in Short Blades
   458 | D:1      | Reached XP level 2. HP: 15/15 MP: 6/6
  1286 | D:2      | Reached skill level 5 in Necromancy
  1286 | D:2      | Reached XP level 3. HP: 14/19 MP: 4/7
  1611 | D:2      | Noticed Robin
  1636 | D:2      | Slain by a goblin

Skill      XL: |  1  2 |
---------------+-------+-----
Short Blades   | 1 2 |  2.9
Necromancy     | 5 |  5.3
Dodging        | |  2.0
Stealth        | |  2.4
Spellcasting   | |  3.0

Action                   || total
-------------------------++-------
Melee: Dagger            ||    70
       Long sword        ||    30
 Cast: Pain              ||    15
       Animate Skeleton  ||    13
 Stab: Sleeping          ||     4
Armor: Robe              ||     8
Dodge: Dodged            ||    61
